 Dungeon Crawl Stone Soup version 0.14.2 (webtiles) character file.

279 FuckCats the Insei (level 5, -2/42 HPs)
             Began as a Mummy Monk on Jan 30, 2016.
             Slain by Natasha (9 damage)
             ... on Level 3 of the Dungeon.
             The game lasted 00:06:46 (4180 turns).

FuckCats the Insei (Mummy Monk)                     Turns: 4180, Time: 00:06:46

HP  -2/42        AC  1     Str 14      XL: 5   Next: 29%
MP   5/5         EV 13     Int  9      God:
Gold 104         SH  0     Dex 15      Spells:  0 memorised,  4 levels left

rFire  x . .     SeeInvis +       - Unarmed
rCold  + . .     Clarity  .     (no armour)
rNeg   + + +     Conserve .     (no shield)
rPois  +         rCorr    .     d - +0 helmet
rElec  .         rRot     +     (no cloak)
SustAb . .       Spirit   .     (no gloves)
rMut   .         Warding  .     (no boots)
Saprov . . .     Stasis   .     (no amulet)
MR     .....                    (no ring)
                                l - ring of see invisible {unknown}

@: confused, not resistant to hostile enchantments, very unstealthy
A: no food or potions, fire vulnerability, restore body, cold resistance 1, life
protection 3, poison resistance, torment resistance, unbreathing
a: no special abilities


You were on level 3 of the Dungeon.
You were not hungry.

You visited 1 branch of the dungeon, and saw 3 of its levels.

You collected 104 gold pieces.


Innate Abilities, Weirdness & Mutations

You do not eat or drink.
Your flesh is vulnerable to fire.
Your flesh is cold resistant.
You are immune to negative energy.
Your system is resistant to poisons.
You are immune to unholy pain and torment.
You can survive without breathing.


   Skills:
 + Level 4.0 Fighting
 - Level 2.4 Dodging
 - Level 1.5 Stealth
 - Level 5.0 Unarmed Combat


You had 4 spell levels left.
You didn't know any spells.

Inventory:

Missiles
 j - 20 poisoned arrows (quivered)
Armour
 d - a +0 helmet (worn)
 i - a +0 shield
Scrolls
 a - a scroll of fear {unknown}
 b - 3 scrolls of immolation {unknown}
 c - 4 scrolls of identify {unknown}
 e - 8 scrolls of remove curse {unknown}
 f - a scroll of fog {unknown}
 g - 3 scrolls of teleportation {unknown}
 k - a scroll of noise {unknown}
 m - 2 scrolls of enchant weapon I {unknown}
 n - 2 scrolls of amnesia {unknown}
 p - 2 scrolls of enchant weapon II {unknown}
Jewellery
 h - an uncursed amulet of conservation {unknown}
 l - a ring of see invisible (left hand) {unknown}
 o - an uncursed amulet of clarity {unknown}

Dungeon Overview and Level Annotations

Branches:
Dungeon (3/15)

Altars:
Cheibriados
Dithmenos
Elyvilon
Kikubaaqudgha
Makhleb
Nemelex Xobeh
Trog
Xom

Annotations:
D:3 Natasha

▒▒·▒·▒ ▒)··▒·▒▒
▒▒·[·····▒ ▒▒▒·▒
▒%··▒▒▒ ▒▒·····▒
▒▒▒·▒▒▒▒ ▒▒·▒▒
▒▒···▒ ▒······▒ ▒·▒
▒▒ ▒+▒ ▒·▒·▒▒·▒ ▒·▒
·· ▒·▒·▒▒·▒ ▒·▒ ·▒
▒▒▒ ▒·▒·▒▒·▒ ▒·▒ ·▒
· ·· ▒·▒·▒▒·▒ ▒▒·▒▒
·▒ ▒···· ▒· ▒·▒·▒▒·▒
▒··M▒▒·▒▒········ ▒·
▒ ▒······▒
▒·▒·h···S···▒····▒▒·
▒▒▒▒·▒·▒··▒
▒···▒▒·▒▒···▒·······
··········▒ ▒▒▒▒▒
··· ····▒▒▒▒
▒▒▒▒·▒▒▒·▒▒ ▒▒▒▒
▒·▒·▒ ▒ ▒ ▒·····▒
▒·▒·▒▒▒▒ ▒▒▒▒▒▒▒
▒······· ▒▒▒·▒▒▒▒
▒▒▒ ▒▒▒▒▒▒▒▒▒ ▒·▒


You could see Natasha and a ball python.


Message History

You hit the orc.
You kill the orc!
No target in view!
No target in view!
Things that are here:
a trident; a scale mail
There is a stone staircase leading up here.
You see here a falchion.
A ball python and Natasha come into view.
There are monsters nearby!
There are monsters nearby!
Natasha hisses angrily.
Natasha stares at you and mumbles some strange words.
The magic dart hits you!
Natasha zaps a wand.
You easily resist.
Natasha stares at you and mumbles some strange words.
The magic dart hits you!
* * * LOW HITPOINT WARNING * * *
Natasha stares at you.
You feel troubled.
Natasha stares at you and mumbles some strange words.
The magic dart hits you!
* * * LOW HITPOINT WARNING * * *
Natasha barely misses you.
You punch Natasha!
Natasha is heavily wounded.
Natasha zaps a wand.
You are confused.
Ouch! Natasha claws you!
You die...

Action                   |  1- 3 |  4- 6 || total
-------------------------+-------+-------++-------
Melee: Unarmed           |   138 |   146 ||   284
 Stab: Sleeping          |     3 |     2 ||     5

Vault maps used:
D:1:      saegor_arrival_simple_c
D:2:      grunt_dithmenos_smoke, elyvilon_altar_4, minitemple,
          serial_bayou_pond_c, uniq_jessica
D:3:      uniq_natasha

Notes
Turn   | Place    | Note
--------------------------------------------------------------
     0 | D:1      | FuckCats, the Mummy Monk, began the quest for the Orb.
     0 | D:1      | Reached XP level 1. HP: 18/18 MP: 1/1
   347 | D:1      | Reached XP level 2. HP: 9/24 MP: 2/2
   882 | D:2      | Found a shadowy altar of Dithmenos.
   923 | D:2      | Found a white marble altar of Elyvilon.
  1173 | D:2      | Reached skill level 4 in Unarmed Combat
  1400 | D:2      | Reached XP level 3. HP: 20/29 MP: 3/3
  1518 | D:2      | Noticed Jessica
  1536 | D:2      | Killed Jessica
  1946 | D:2      | Reached XP level 4. HP: 33/35 MP: 4/4
  2120 | D:2      | Found a shimmering altar of Xom.
  2128 | D:2      | Found a sparkling altar of Nemelex Xobeh.
  2128 | D:2      | Found a snail-covered altar of Cheibriados.
  2129 | D:2      | Found a bloodstained altar of Trog.
  2129 | D:2      | Found a burning altar of Makhleb.
  2152 | D:2      | Found an ancient bone altar of Kikubaaqudgha.
  2590 | D:3      | HP: 1/35 [orc priest/divine providence (9)]
  3061 | D:2      | Reached skill level 5 in Unarmed Combat
  3367 | D:3      | Reached XP level 5. HP: 37/41 MP: 5/5
  4093 | D:3      | Reached skill level 4 in Fighting
  4169 | D:3      | Noticed Natasha
  4180 | D:3      | Slain by Natasha

Vanquished Creatures
  An orc priest (D:3)
  Jessica (D:2)
  5 adders
  2 gnolls (D:2)
  A giant gecko (D:3)
  6 orcs
  2 giant cockroaches
  8 hobgoblins
  4 quokkas
  12 bats
  6 giant newts
  2 goblins
  12 kobolds
  7 rats
69 creatures vanquished.

Vanquished Creatures (others)
  A goblin (D:2)
1 creature vanquished.

Grand Total: 70 creatures vanquished
